[Event "HSG Open 2022 A"]
[Site "Hilversum, Netherlands"]
[Date "2022.06.18"]
[Round "3.8"]
[White "Khabichev, Valeriy"]
[Black "Leenhouts, Koen"]
[Result "1/2-1/2"]
[TimeControl "1:50 + 0.10"]
[WhiteElo "2075"]
[BlackElo "2440"]

1. e4 c5 2. Nf3 e6 3. d4 cxd4 4. Nxd4 Nc6 5. Nb5 d6 6. Bf4 e5 7. Be3 Be6 8. Be2 a6 9. N5c3 Nf6 10.
O-O Be7 11. a4 O-O 12. Nd2 Rc8 13. Nc4 Nd4 14. Bxd4 Bxc4 15. Be3 Qa5 16. Bxc4 Rxc4 17. Qd3 Rfc8 18. f3 h6 19. Rfd1 Qb4 20.
Ra3 Qxb2 21. Rb3 Qxc3 22. Rxc3 Rxc3 23. Qd2 Rxc2 24. Qb4 R8c7 25. Qb1 Bf8 26. a5 Be7 27. Bb6 R7c6 28. Be3 Rc7 29.
Bb6 R7c3 30. Bf2 Bd8 31. Qxb7 Bxa5 32. Qxa6 Bb4 33. Qb7 Rb2 34. Kh1 Rcc2 35. Ba7 Rxg2 36. Qc8+ Kh7 37. Qf5+ Kh8 38.
Bg1 Rg5 39. Qh3 Nh5 40. Be3 Nf4 41. Bxf4 exf4 42. Rg1 Bc5 43. Qc8+ Kh7 44. Rxg5 Rb1+ 45. Kg2 Rg1+ 46. Kh3 Rxg5 47.
Qd7 Kg6 48. Qc8 Bd4 49. Qd7 Be5 50. Qc8 Rh5+ 51. Kg2 Bd4 52. Qd7 Bc5 53. h4 Re5 54. Qg4+ Kh7 55. Qd7 f6 56. Qg4 Be3 57.
Qd7 Rc5 58. Qxd6 Rc2+ 59. Kh1 Rc5 60. Qe6 Re5 61. Qd7 Bf2 62. Qg4 Bg3 63. Kg2 h5 64. Qh3 Rc5 65. Kf1 Kh6 66. Ke2 Rc3 67.
Kd2 Rxf3 68. Qc8 Bxh4 69. Qh8+ Kg6 70. Qe8+ Kg5 71. Qf7 Rf2+ 72. Kd3 g6 73. e5 Rf3+ 74. Kc4 fxe5 75. Qe7+ Kg4 76. Qe6 Kg3 77. Qxg6+ Kf2 78.
Qxh5 Bg3 79. Qxe5 Re3 80. Qd4 Kf1 81. Qd1+ Kg2 82. Kd4 Bf2 83. Kc4 f3 84. Qd5 Re1 85. Qg5+ Bg3 86. Qd5 Rc1+ 87.
Kb3 Rc7 88. Ka2 Re7 89. Kb3 Re3+ 90. Kc4 Kf1 91. Qg5 Bf2 92. Qg6 Be1 93. Kd4 Bf2 94. Kc4 Be1 95. Kd4 Ra3 96. Qd6 Ra4+ 97.
Ke3 f2 98. Kf3 Bb4 99. Qd3+ Kg1 100. Qg6+ Kf1 101. Qg2+ Ke1 102. Qxf2+ Kd1 103. Qb2 Ra3+ 104. Qxa3 1/2-1/2

[Event "HSG Open 2022 A"]
[Site "Hilversum, Netherlands"]
[Date "2022.06.18"]
[Round "3.9"]
[White "Grutter, Tim"]
[Black "Spit, Vincent"]
[Result "1-0"]
[TimeControl "1:50 + 0.10"]
[WhiteElo "2234"]
[BlackElo "2091"]

1. e4 c5 2. Nf3 e6 3. d4 cxd4 4. Nxd4 a6 5. c4 Nf6 6. Nc3 Bb4 7. Qd3 Nc6 8. Nxc6 dxc6 9. Qxd8+ Kxd8 10.
Bd2 e5 11. f3 Ke7 12. g4 Bd6 13. O-O-O Be6 14. Bg5 b5 15. Be2 bxc4 16. Kb1 a5 17. Rc1 h6 18. Be3 a4 19. a3 Rhb8 20.
Ka1 Nd7 21. Nd1 Nc5 22. Bxc5 Bxc5 23. Bxc4 Bxc4 24. Rxc4 Bd4 25. Nc3 Kd6 26. Rc1 Rb3 27. Rc2 Bxc3 28. R4xc3 Rxc3 29. Rxc3 c5 30.
Kb1 Kc6 31. Rd3 f6 32. Kc2 h5 33. h3 hxg4 34. fxg4 c4 35. Rd5 Rh8 36. Ra5 Rxh3 37. Rxa4 Kc5 38. Ra7 Rh2+ 39. Kc3 Rh3+ 40.
Kc2 Kd4 41. Rxg7 Rh2+ 42. Kb1 Kxe4 43.
a4 f5 44. gxf5 Kxf5 45. a5 Rh6 46. Rc7 Ra6 47. Rc5 Ke6 48. Kc2 Kd6 49. Rb5 Rc6 50. Kc3 Rc5 51. Kb4 Rc6 52. Rb8 e4 53.
Re8 Kd5 54. Rd8+ Ke5 55. Kb5 c3 56. Kxc6 c2 57. Rd5+ 1-0

[Event "HSG Open 2022 A"]
[Site "Hilversum, Netherlands"]
[Date "2022.06.18"]
[Round "3.10"]
[White "Floor, Dirk"]
[Black "Wagenvoorde, Guido"]
[Result "1/2-1/2"]
[TimeControl "1:50 + 0.10"]
[WhiteElo "2198"]
[BlackElo "2090"]

1. Nf3 Nf6 2. g3 g6 3. Bg2 Bg7 4. d4 O-O 5. O-O d6 6. a4 a5 7. Nc3 Nbd7 8. d5 e5 9. dxe6 fxe6 10.
e4 e5 11. Ne1 Nc5 12. Be3 Qe7 13. f3 Be6 14. Nd3 b6 15. Rf2 Rad8 16. Rd2 Rfe8 17. Bf1 Qf8 18. Nxc5 bxc5 19. Bb5 Nd7 20.
Qe2 Bh6 21. Kg2 Bxe3 22. Qxe3 Qf7 23. Bc6 Rf8 24. Bd5 Nf6 25. Bxe6 Qxe6 26. Nd5 Nxd5 27. Rxd5 Rb8 28. b3 Rb4 29.
c4 Rfb8 30. Rd3 Kg7 1/2-1/2

[Event "HSG Open 2022 A"]
[Site "Hilversum, Netherlands"]
[Date "2022.06.18"]
[Round "4.1"]
[White "Beerdsen, Thomas"]
[Black "Elgersma, Onno"]
[Result "1-0"]
[TimeControl "1:50 + 0.10"]
[WhiteElo "2494"]
[BlackElo "2312"]

1. e4 c6 2. d4 d5 3. e5 Bf5 4. h4 h5 5. c4 e6 6. Nc3 dxc4 7. Bxc4 Nd7 8. Nge2 Be7 9. Ng3 Bg6 10.
Nge2 Bf5 11. g3 Nh6 12. Bf4 Qb6 13. Qd2 Rd8 14. Rd1 Ng4 15. Qc1 Qb4 16. Bb3 Be4 17. O-O Bf3 18. Bd2 Qb6 19.
Bg5 Bxg5 20. Qxg5 O-O 21. Bc2 c5 22. Nf4 Nh6 23. Ne4 Bxe4 24. Bxe4 f5 25. Nxh5 Rf7 26. dxc5 Qc7 27. Bxb7 Rb8 28.
Bg2 Nxc5 29. Rd6 Qe7 30. Rc1 Ne4 31. Bxe4 fxe4 32. Nf6+ Kh8 33. Nxe4 Nf5 34. Qh5+ 1-0

[Event "HSG Open 2022 A"]
[Site "Hilversum, Netherlands"]
[Date "2022.06.18"]
[Round "4.3"]
[White "Pham, Khoi"]
[Black "Grutter, Tim"]
[Result "0-1"]
[TimeControl "1:50 + 0.10"]
[WhiteElo "2244"]
[BlackElo "2234"]

1. e4 c5 2. Nf3 e6 3. d4 cxd4 4. Nxd4 Nc6 5. Nc3 Qc7 6. Be3 a6 7. g4 b5 8. Nxc6 Qxc6 9. Qd2 Bb7 10.
f3 b4 11. Ne2 d5 12. Nd4 Qc7 13. exd5 Bxd5 14. O-O-O Nf6 15. g5 Nd7 16. Bg2 Bc5 17. Nf5 O-O 18. Bxc5 Nxc5 19. Qd4 exf5 20.
Qxd5 a5 21. Qd6 Qc8 22. Rd5 Ne6 23. f4 Ra6 24. Qe5 Rc6 25. Rd2 Rc5 26. Bd5 a4 27. Qe3 b3 28. axb3 axb3 29. Qxb3 Ra5 30.
c3 Nxf4 31. Rhd1 Nxd5 32. Rxd5 Qe6 33. Kc2 Qe2+ 34. R1d2 Qe4+ 35. R5d3 f4 36. h4 Ra1 37. Qd5 Qa4+ 38. Qb3 Rc1+ 0-1

[Event "HSG Open 2022 A"]
[Site "Hilversum, Netherlands"]
[Date "2022.06.18"]
[Round "4.4"]
[White "Wiersma, Eelke"]
[Black "Konings, Frans"]
[Result "1/2-1/2"]
[TimeControl "1:50 + 0.10"]
[WhiteElo "2300"]
[BlackElo "2131"]

1. e4 d6 2. d4 Nf6 3. Nc3 g6 4.
Nf3 Bg7 5. Be2 O-O 6. O-O Na6 7. Re1 c5 8. d5 Nc7 9. a4 Bg4 10. h3 Bxf3 11. Bxf3 Nd7 12. g3 a6 13. Bg2 1/2-1/2

[Event "HSG Open 2022 A"]
[Site "Hilversum, Netherlands"]
[Date "2022.06.18"]
[Round "4.5"]
[White "Becx, Cesar"]
[Black "Van Foreest, Machteld"]
[Result "0-1"]
[TimeControl "1:50 + 0.10"]
[WhiteElo "2139"]
[BlackElo "2295"]

1. f4 d5 2. Nf3 g6 3. g3 Bg7 4. Bg2 Nf6 5. O-O O-O 6. d3 c5 7. c3 Nc6 8. Na3 Rb8 9. Ne5 Nxe5 10.
fxe5 Nd7 11. d4 e6 12. Nc2 Qb6 13. e3 cxd4 14. cxd4 f6 15. exf6 Nxf6 16. b3 Bd7 17. Ba3 Rf7 18.
Bc5 Qc7 19. a4 b6 20. Bb4 a5 21. Bd2 Rbf8 22. Na3 Bh6 23. Rc1 Qd8 24. Nb5 Qe7 25. b4 axb4 26. Qb3 Ne4 27. Bxb4 Bxe3+ 28. Qxe3 Rxf1+ 29. Rxf1 Rxf1+ 30. Kxf1 Qxb4 31. Bxe4 Bxb5+ 32. axb5 dxe4 33. Qg5 Qc4+ 34. Kg2 Qe2+ 35. Kg1 Qd1+ 36.
Kg2 Qf3+ 37. Kg1 e3 38. Qf4 Qd1+ 39. Kg2 Qc2+ 40. Kg1 Qb1+ 41. Kg2 Qa2+ 42. Kg1 Qa3 43. Qe5 Qc1+ 44. Kg2 Qc2+ 45.
Kf3 Qf2+ 46. Kg4 h5+ 0-1

[Event "HSG Open 2022 A"]
[Site "Hilversum, Netherlands"]
[Date "2022.06.18"]
[Round "4.6"]
[White "Pijpers, Arthur"]
[Black "Vlaming, Jos"]
[Result "1-0"]
[TimeControl "1:50 + 0.10"]
[WhiteElo "2455"]
[BlackElo "2107"]

1. e4 e6 2. d4 d5 3. Nc3 Bb4 4. e5 c5 5. a3 Bxc3+ 6. bxc3 Qc7 7. Qg4 f5 8. Qg3 cxd4 9. cxd4 Ne7 10.
c3 b6 11. Ne2 O-O 12. Nf4 Qd7 13. a4 Ba6 14. Bb5 Nec6 15. Ba3 Rc8 16. h4 Bxb5 17. axb5 Na5 18. h5 Qf7 19. Qg5 Nd7 20.
Bb4 Nb3 21. Rb1 a5 22. bxa6 Rxa6 23. O-O Nd2 24. Ra1 Raa8 25. Rfd1 Nc4 26. g4 Ndxe5 27. dxe5 Nxe5 28. Kg2 h6 29.
Qh4 Rxa1 30. Rxa1 fxg4 31. Qg3 Rc4 32. Bd6 Rxf4 33. Ra8+ Kh7 34. Rf8 Re4 35. Rxf7 Nxf7 36. Bc7 g6 37.
hxg6+ Kxg6 38. Bxb6 Ng5 39. Qb8 Nf3 40. Qg8+ Kf6 41. Bd8+ Ke5 42. Qg7+ Kf5 43. Qf6# 1-0

[Event "HSG Open 2022 A"]
[Site "Hilversum, Netherlands"]
[Date "2022.06.18"]
[Round "4.7"]
[White "Leenhouts, Koen"]
[Black "Ercan, Selman"]
[Result "1-0"]
[TimeControl "1:50 + 0.10"]
[WhiteElo "2440"]
[BlackElo "2094"]

1. d4 d5 2. c4 c6 3. Nf3 Nf6 4. g3 Bf5 5. Nc3 e6 6. Nh4 Bg6 7. Nxg6 hxg6 8. Qd3 Nbd7 9. Bg2 Bd6 10.
O-O O-O 11. Re1 Qa5 12. c5 Be7 13. Bd2 Qc7 14. b4 e5 15. e3 e4 16. Qe2 Rfe8 17. b5 Nf8 18. a4 Qd7 19. a5 a6 20.
bxc6 bxc6 21. Reb1 Bd8 22. Na4 Qf5 23. Rb7 Ne6 24. Nb6 Bxb6 25. axb6 Ng5 26. Kf1 Ng4 27. h3 Nh2+ 28. Ke1 Ngf3+ 29. Kd1 Ng1 30. Qe1 Nxh3 31. Bxh3 Qxh3 32. Kc2 Qf5 33. Qe2 Ng4 34. Rc7 Rac8 35. Rxc8 Qxc8 36. Qxa6 Qxa6 37. Rxa6 Rb8 38.
Ra7 Nf6 39. Rc7 1-0

[Event "HSG Open 2022 A"]
[Site "Hilversum, Netherlands"]
[Date "2022.06.18"]
[Round "4.9"]
[White "Wagenvoorde, Guido"]
[Black "Roebers, Eline"]
[Result "1-0"]
[TimeControl "1:50 + 0.10"]
[WhiteElo "2090"]
[BlackElo "2378"]

1. d4 d5 2. c4 c6 3. Nf3 Nf6 4. Nc3 e6 5. e3 Nbd7 6. Qc2 Bd6 7. g4 h6 8. Rg1 e5 9. cxd5 cxd5 10.
Nb5 Bb8 11. g5 hxg5 12. Nxg5 e4 13. Bd2 Nb6 14. Rc1 Bd7 15. Bb4 Bc6 16. f4 exf3 17. Nxf3 Ne4 18. Rxg7 a6 19. Qg2 Nf6 20.
Ng5 Nh5 21. Qf2 Qf6 22. Qxf6 Nxf6 23. Rxf7 Rxh2 24. Rf8+ Kd7 25. Rxf6 Bg3+ 26. Kd1 axb5 27. Rf3 Bh4 28. Rf7+ Ke8 29.
Re7+ Kd8 30. Ne6+ Kc8 31. Rc7+ Kb8 32. Bd6 1-0

[Event "HSG Open 2022 A"]
[Site "Hilversum, Netherlands"]
[Date "2022.06.18"]
[Round "4.10"]
[White "Boekelman, Jan"]
[Black "De Groote, Ewoud"]
[Result "0-1"]
[TimeControl "1:50 + 0.10"]
[WhiteElo "2116"]
[BlackElo "2233"]

1. d4 Nf6 2. c4 e6 3. g3 c5 4. d5 exd5 5. cxd5 d6 6. Nc3 g6 7. Bg2 Bg7 8. Nf3 O-O 9. O-O Re8 10.
Bf4 Ne4 11. Nxe4 Rxe4 12. Nd2 Rb4 13. a3 Rxf4 14. gxf4 Bxb2 15. Rb1 Bg7 16. Nc4 b6 17. Ne5 Bf5 18. e4 dxe5 19. exf5 Nd7 20.
d6 Rb8 21. fxg6 hxg6 22. Qd5 Nf6 23. Qc6 exf4 24. Rfe1 Ng4 25. d7 Qh4 26. Re8+ Kh7 27. d8=Q Qxf2+ 28. Kh1 Rxd8 29. Rxd8 Bd4 30.
Rxd4 Qxd4 31. h3 Ne3 32.
Qe4 Qxe4 33. Bxe4 f5 34. Bf3 g5
35. Rb2 c4 36. Rd2 c3 37. Rd7+ Kg6 38. Rd3 c2 39. Rc3 Kf6 40. Be2 Ke5 41. Kg1 Kd4 42. Rd3+ Ke4 43. Rc3 f3 44. Bb5 f2+ 45. Kh1 f4 46. Rc8 Kd4 47.
a4 a5 48. Rc7 Ke4 49. Rc8 Kd4 50. Rc7 f3 51. Rc8 f1=Q+ 52. Bxf1 Nxf1 53. Rxc2 Ng3+ 54. Kg1 Ne4 55. Rb2 Ke3 56. Rb3+ Kf4 57. Rd3 Kg3 58. Kf1 Nf2 59. Rb3 Nxh3 60. Rxb6 g4 61. Rb5 Kf4 0-1

[Event "HSG Open 2022 A"]
[Site "Hilversum, Netherlands"]
[Date "2022.06.18"]
[Round "4.11"]
[White "Honkoop, Gilian"]
[Black "Jonsson, Gauti Pall"]
[Result "1-0"]
[TimeControl "1:50 + 0.10"]
[WhiteElo "2208"]
[BlackElo "2036"]

1. c4 Nf6 2. Nf3 g6 3. d4 Bg7 4. Nc3 O-O 5. Bg5 h6 6. Bh4 c5 7. d5 d6 8. e4 Qb6 9. Qc2 e6 10.
Nd2 Nbd7 11. Be2 a6 12. O-O exd5 13. cxd5 Nh7 14. Nc4 Qc7 15. Be7 Re8 16. Bxd6 Qd8 17. a4 Bd4 18. Bg3 h5 19.
h3 Qg5 20. Kh1 f5 21. exf5 gxf5 22. Bd3 Nhf6 23. h4 Qh6 24. Bxf5 Ne5 25. Nd6 Bxf5 26. Nxf5 Qh7 27. Rae1 Neg4 28.
d6 Be5 29. Ne7+ Rxe7 30. Qxh7+ Rxh7 31. Bxe5 Nxe5 32. Rxe5 Rd7 33. Rd1 Rad8 34. Rxc5 Rxd6 35. Rxd6 Rxd6 36. Rc8+ Kg7 37. Rc7+ Kg6 38.
Rxb7 Ng4 39. f3 Ne3 40. Rb4 Rd2 41. g4 hxg4 42. fxg4 Nc2 43. Rb6+ Kg7 44. Ne4 Re2 45. Ng3 Rd2 46.
Nf5+ Kg8 47. Rd6 Re2 48. Ng3 Rf2 49. Rd8+ Kf7 50. Rd7+ Ke6 51. Rd3 Rf4 52. Rc3 Nd4 53. Re3+ Kf7 54.
Re4 Ne6 55. Rxf4+ Nxf4 56. Nf5 Nd3 57. Nd6+ Ke6 58. Nc4 Nf2+ 59. Kg2 Nxg4 60. Kf3 Nf6 61. b4 Kd5 62. Na3 Ke5 63. b5 axb5 64.
axb5 Nd5 65. Kg4 Kf6 66. Nc4 Ne7 67. b6 Nc6 68. b7 Kg6 69. h5+ Kh6 70. Kh4 Kh7 71. Ne5 Nb8 72. Kg5 Kg7 73.
h6+ Kh7 74. Kh5 Kh8 75. Kg6 Kg8 76. h7+ Kh8 77. Nf7# 1-0

[Event "HSG Open 2022 A"]
[Site "Hilversum, Netherlands"]
[Date "2022.06.18"]
[Round "4.12"]
[White "Albers, Sasa"]
[Black "Berrevoets, Jeroen"]
[Result "0-1"]
[TimeControl "1:50 + 0.10"]
[WhiteElo "2199"]
[BlackElo "2030"]

1. e4 e6 2. d4 d5 3. Nd2 c5 4. Ngf3 cxd4 5. Nxd4 Nc6 6. Bb5 Bd7 7. Nxc6 bxc6 8. Bd3 Bd6 9. Qe2 e5 10.
Nf3 Qe7 11. Bg5 f6 12. Bh4 Rb8 13. Rb1 Qf7 14. exd5 cxd5 15. Nd4 Be7 16. Bg3 Rb6 17. Nb5 a6 18. Nc7+ Kf8 19. Nxa6 e4 20.
Qe3 Qe6 21. Nc5 Bxc5 22. Qxc5+ Ne7 23. Be2 Kf7 24. c3 Ra8 25. a3 Rc8 26. Qd4 Nf5 27. Qd2 e3 28. fxe3 Nxe3 29. Bf2 Qe4 30.
Qd3 Nxg2+ 31. Kd1 Ba4+ 32. Kd2 Qf4+ 33. Be3 Qxe3+ 34. Qxe3 Nxe3 35. Kxe3 Bc2 36. Bf3 Bxb1 37. Bxd5+ Ke7 38. Rxb1 Rxc3+ 39. Kd4 Rc2 40. b4 Kd6 41. Be4 Ra2 42.
Rb3 Ra6 43. Rg3 g6 44. Rh3 Ra7 45. b5 Ra4+ 0-1

[ePGN "0.1;DGT LiveChess/2.2.5"]

[Event "HSG Open 2022 A"]
[Site "Hilversum, Netherlands"]
[Date "2022.06.19"]
[Round "5.1"]
[White "Lanchava, Tea"]
[Black "Beerdsen, Thomas"]
[Result "1/2-1/2"]
[TimeControl "1:50 + 0.10"]
[WhiteElo "2231"]
[BlackElo "2494"]

1. c4 e5 2. Nc3 Nf6 3. Nf3 e4 4. Ng5 c6 5. Ngxe4 Nxe4 6. Nxe4 d5 7. Ng3 h5 8. h4 Bg4 9.
Qb3 Bd6 10. cxd5 cxd5 11. Qxd5 Nc6 12. Ne4 Be7 13. Qxd8+ Rxd8 14. f3 Be6 15. Kf2 Nb4 16. b3 O-O 17. Bb2 f5 18. Ng5 Bxg5 19.
hxg5 Rxd2 20. Ba3 Nc2 21. Bxf8 Nxa1 22. Bb4 Rxa2 23. g6 Nxb3 24. Rxh5 a5 25. Bc3 Rc2 26. Be5 Rc5 27. Bb2 b5 28.
Rh7 Rc7 29. Be5 Rb7 30. g4 a4 31. f4 fxg4 32. Bg2 Re7 33. Bc6 1/2-1/2

[Event "HSG Open 2022 A"]
[Site "Hilversum, Netherlands"]
[Date "2022.06.19"]
[Round "5.2"]
[White "Van Foreest, Machteld"]
[Black "Harff, Marcel"]
[Result "0-1"]
[TimeControl "1:50 + 0.10"]
[WhiteElo "2295"]
[BlackElo "2329"]

1. e4 e6 2. d4 d5 3. Bd3 dxe4 4. Bxe4 Nf6 5. Bf3 Nbd7 6. Ne2 e5 7. Bg5 h6 8. dxe5 hxg5 9. exf6 Qxf6 10. Qd4 Bc5 11. Qxf6 Nxf6 12. g3 Ng4 13. Bxg4 Bxg4 14. Nd2 O-O-O 15. h3 Bxe2 16. Kxe2 Rhe8+ 17. Kd1 Bxf2 18. c3 Rd6 19. Rc1 Bxg3 20. Rc2 Bf4 21. Rf1 Red8 22. Rf2 f5 23. Re2 Rxd2+ 24. Rcxd2 Rxd2+ 25. Rxd2 Bxd2 26. Kxd2 Kd7 27. Ke3 Ke6 28. Kd4 b6 29. b3 c5+ 30. Ke3 Ke5 31. Kf3 g4+ 0-1

[Event "HSG Open 2022 A"]
[Site "Hilversum, Netherlands"]
[Date "2022.06.19"]
[Round "5.3"]
[White "Grutter, Tim"]
[Black "Pijpers, Arthur"]
[Result "0-1"]
[TimeControl "1:50 + 0.10"]
[WhiteElo "2234"]
[BlackElo "2455"]

1. e4 c5 2. Nf3 d6 3. d4 cxd4 4. Nxd4 Nf6 5. Nc3 g6 6. Be3 Bg7 7. f3 Nc6 8. Qd2 O-O 9. O-O-O d5 10.
exd5 Nxd5 11. Nxc6 bxc6 12. Bd4 Bxd4 13. Qxd4 Qb6 14. Na4 Qa5 15. b3 Qc7 16. Bc4 Rd8 17. g4 Be6 18. Nc5 Nf4 19.
Nxe6 Nxe6 20. Qc3 Nf4 21. h4 h6 22. Kb2 Rxd1 23. Rxd1 Rd8 24. Rxd8+ Qxd8 25. Qe3 Qc7 26. a4 Kg7 27.
a5 c5 28. Qc3+ e5 29. Qe3 Ng2 30. Qe4 Nxh4 31. a6 Qe7 32. Qb7 Kf6 33. c3 Ng2 34. b4 cxb4 35. Qxe7+ Kxe7 36. cxb4 Kd6 37.
Kc3 h5 38. gxh5 gxh5 39. Kd2 h4 40. Ke2 h3 41. Kf2 Ne3 42. Bf1 Nxf1 43. Kxf1 Kc6 44. Kf2 Kb5 45. Kg3 Kxa6 46. Kxh3 Kb5 47.
Kg4 Kxb4 48. Kf5 a5 49. Kxe5 a4 0-1

[Event "HSG Open 2022 A"]
[Site "Hilversum, Netherlands"]
[Date "2022.06.19"]
[Round "5.4"]
[White "Konings, Frans"]
[Black "Leenhouts, Koen"]
[Result "0-1"]
[TimeControl "1:50 + 0.10"]
[WhiteElo "2131"]
[BlackElo "2440"]

1. Nf3 Nf6 2. c4 g6 3. d4 Bg7 4. Nc3 d5 5. e3 c6 6. Qb3 O-O 7. Bd2 e6 8. Rc1 Nbd7 9. Be2 b6 10.
O-O Bb7 11. Rfd1 Qe7 12. Re1 Rfd8 13. Bd3 dxc4 14. Bxc4 c5 15. Be2 Rac8 16. Qa3 a6 17. Na4 Ne4 18. Red1 Bf8 19. dxc5 Nxd2 20.
Rxd2 b5 21. Rxd7 Qxd7 22. Nb6 Bxc5 23. Rxc5 Qd1+ 24. Bf1 Rxc5 25. Qxc5 Bxf3 26. gxf3 Qxf3 27. Nd7 Qg4+ 28. Kh1 Qd1 0-1

[Event "HSG Open 2022 A"]
[Site "Hilversum, Netherlands"]
[Date "2022.06.19"]
[Round "5.5"]
[White "Elgersma, Onno"]
[Black "Honkoop, Gilian"]
[Result "1-0"]
[TimeControl "1:50 + 0.10"]
[WhiteElo "2312"]
[BlackElo "2208"]

1. c4 e5 2. e3 Nf6 3. d4 exd4 4. exd4 d5 5. Nc3 Be7 6. Nf3 O-O 7. h3 Be6 8. cxd5 Nxd5 9. Bd3 Nc6 10.
O-O h6 11. Bb1 Nf6 12. Re1 Re8 13. a3 Na5 14. Bc2 Nc4 15. Qd3 Nd6 16. Qd1 Bf5 17. Bb3 Bf8 18. Ne5 c6 19. Bf4 Be6 20.
Bc2 Bf5 21. Ba4 Rc8 22. Rc1 Nfe4 23. Bb3 Ng5 24. h4 Ne6 25. Bg3 Bh7 26. Qh5 Rc7 27. Nxf7 Nxf7 28. Bxc7 Qxc7 29. Bxe6 Re7 30. Nd5 cxd5 31. Rxc7 Rxc7 32.
Qxd5 1-0

[Event "HSG Open 2022 A"]
[Site "Hilversum, Netherlands"]
[Date "2022.06.19"]
[Round "5.6"]
[White "Berrevoets, Jeroen"]
[Black "Wiersma, Eelke"]
[Result "0-1"]
[TimeControl "1:50 + 0.10"]
[WhiteElo "2030"]
[BlackElo "2300"]

1. e4 c6 2. Nc3 d5 3. Nf3 Bg4 4. h3 Bxf3 5. Qxf3 e6 6. d3 Nd7 7. Bd2 Qb6 8. a4 Bb4 9. exd5 cxd5 10.
Qg3 Ngf6 11. Qxg7 Rg8 12. Qh6 Rg6 13. Qf4 d4 14. a5 Qc5 15. Ne4 Nxe4 16. Qxe4 Bxd2+ 17. Kxd2 Rc8 18. Rc1 Qb4+ 19.
Kd1 Qxb2 20. Be2 Nc5 21. Qe5 Ke7 22. Qf4 Na4 23. Qh4+ Rf6 24. Bf3 Nc3+ 25. Kd2 Nb1+ 26. Kd1 Qc3 27.
Rxb1 Qxc2+ 28. Ke1 Qxb1+ 29. Bd1 Qxd3 0-1

[Event "HSG Open 2022 A"]
[Site "Hilversum, Netherlands"]
[Date "2022.06.19"]
[Round "5.7"]
[White "Bosboom, Ardin"]
[Black "Pham, Khoi"]
[Result "0-1"]
[TimeControl "1:50 + 0.10"]
[WhiteElo "2083"]
[BlackElo "2244"]

1. d4 d5 2. c4 c6 3. cxd5 cxd5 4. Nc3 Nf6 5. Bf4 Nc6 6. e3 a6 7. Be2 Bf5 8. Nf3 e6 9. Qb3 Ra7 10.
O-O Bd6 11. Ne5 Bxe5 12. Bxe5 Nxe5 13. dxe5 Nd7 14. f4 O-O 15. g4 Bg6 16. Rad1 b5 17. Kh1 f6 18. f5 Bf7 19. fxe6 Bxe6 20.
Bf3 Nxe5 21. Bxd5 Bxd5+ 22. Nxd5 Qa8 23. e4 Kh8 24. Qg3 Raf7 25. Rfe1 Re8 26. Rc1 Qd8 27. Rc3 Rd7 28. Rec1 Nc4 29.
Qg2 Nd6 30. Rc6 h6 31. e5 Nc4 32. b3 Rxd5 33. bxc4 Rdxe5 34. Qf2 Re2 35. Qf1 Qd2 36. Rd1 Qe3 37. Rxf6 Qe4+ 38. Rf3 Re3 39. Kg2 Rf8 40. Rd3 Rfxf3 41. Rxe3 Rxe3+ 0-1

[Event "HSG Open 2022 A"]
[Site "Hilversum, Netherlands"]
[Date "2022.06.19"]
[Round "5.8"]
[White "De Groote, Ewoud"]
[Black "De Winter, Arthur"]
[Result "1/2-1/2"]
[TimeControl "1:50 + 0.10"]
[WhiteElo "2233"]
[BlackElo "2126"]

1. d4 Nf6 2. c4 c5 3. d5 e6 4. Nc3 exd5 5. cxd5 d6 6. e4 g6 7. f4 Bg7 8. Bb5+ Nfd7 9. a4 Qh4+ 10.
g3 Qe7 11. Nf3 O-O 12. O-O Na6 13. Re1 Nb4 14. Bf1 b6 15. Bd2 Ba6 16. Bxa6 Nxa6 17. Qb3 Rfc8 18. Qc4 Nb4 19. Nd1 a6 20.
Rc1 Qe8 21. Qe2 Nf6 22. Bxb4 cxb4 23. Rxc8 Qxc8 24. Nf2 Qd7 25. Qc4 a5 26. Qc6 Qd8 27. Rc1 Nd7 28. Qxd6 Nc5 29. Qxd8+ Rxd8 30.
Ne5 Re8 31. Nc4 Nxe4 32. Nxe4 Rxe4 33. b3 Kf8 34. Kf2 Rd4 35. Nxb6 Rd3 36. Ke2 Rxb3 37. d6 Bc3 38. Nd5 Ke8 39. Nxc3 bxc3 40. Kd3 Rb6 41. Rxc3 1/2-1/2

[Event "HSG Open 2022 A"]
[Site "Hilversum, Netherlands"]
[Date "2022.06.19"]
[Round "5.9"]
[White "Tabak, Stefan"]
[Black "Wagenvoorde, Guido"]
[Result "1-0"]
[TimeControl "1:50 + 0.10"]
[WhiteElo "2164"]
[BlackElo "2090"]

1. e4 c5 2. Nf3 e6 3. b4 cxb4 4. d4 d6 5. a3 bxa3 6. Bd3 Be7 7. O-O Nd7 8. Nxa3 e5 9. dxe5 dxe5 10.
Bb2 Qc7 11. Bb5 f6 12. Qd3 Nh6 13. Rfd1 Nf7 14. Nh4 g6 15. Qh3 Ng5 16. Qd3 Nf7 17. Bc4 O-O 18. Nb5 Qb6 19. Qg3 Kh8 20.
Nxg6+ hxg6 21. Qxg6 Ng5 22. Bc1 f5 23. Nd6 Nh7 24. Bh6 1-0

[Event "HSG Open 2022 A"]
[Site "Hilversum, Netherlands"]
[Date "2022.06.19"]
[Round "5.11"]
[White "In t Veld, Daan"]
[Black "Klaren, Oscar"]
[Result "1/2-1/2"]
[TimeControl "1:50 + 0.10"]
[WhiteElo "2125"]
[BlackElo "1854"]

1. e4 c5 2. c3 Nf6 3. e5 Nd5 4. d4 cxd4 5. Nf3 Nc6 6. Bc4 Nb6 7. Bb3 d5 8. exd6 Qxd6 9. O-O Be6 10.
Na3 Bxb3 11. axb3 dxc3 12. Nb5 Qxd1 13. Rxd1 Rc8 14. Nxa7 Nxa7 15. Rxa7 c2 16. Rd2 Rc7 17. Ne1 Nc8 18.
Ra8 g6 19. Rxc2 Rxc2 20. Nxc2 Kd7 21. Bd2 Bg7 22. Bc3 Bxc3 23. bxc3 Rd8 24. Kf1 Nd6 25. Rxd8+ Kxd8 26. Ke2 e5 27.
c4 Kd7 28. Kd3 Kc6 29. b4 f5 30. c5 Nc8 31. f3 h5 32. h4 Kb5 33. Kc3 Ne7 34. Kb3 Nd5 35. Na3+ Kc6 36. g3 f4 37.
gxf4 Nxf4 38. Kc4 g5 39. b5+ Kd7 40. Nc2 gxh4 41. Ne3 h3 42. Nf1 Ng2 43. Kd3 Ke6 44. Ke4 Nf4 45. c6 bxc6 46.
bxc6 Nd5 47. f4 exf4 48. c7 Nxc7 49. Kxf4 1/2-1/2

[Event "HSG Open 2022 A"]
[Site "Hilversum, Netherlands"]
[Date "2022.06.19"]
[Round "5.12"]
[White "Slagboom, Leandro"]
[Black "Verfuerth, Thomas"]
[Result "1/2-1/2"]
[TimeControl "1:50 + 0.10"]
[WhiteElo "2098"]
[BlackElo "2055"]

1. e4 c5 2. Nf3 d6 3. d4 cxd4 4. Nxd4 Nf6 5. f3 g6 6. c4 Nc6 7. Nc3 Bg7 8. Be3 Nxd4 9. Qxd4 Be6 10.
b3 Qa5 11. Rc1 O-O 12. Qd2 Rac8 13. Bd3 Rfd8 14. Ne2 Qxd2+ 15. Kxd2 Nd7 16. h4 Nc5 17. h5 Nxd3 18. Kxd3 a6 19.
Bb6 Re8 20. a4 Bd7 21. h6 Rc6 22. a5 Bb2 23. Rb1 Be5 24. g4 e6 25. Bd4 Bxd4 26. Nxd4 Rc5 27. b4 Rc7 28. Rhc1 Rec8 29.
g5 Kf8 30. Rc3 e5 31. Ne2 Ke7 32. Ng3 1/2-1/2

[ePGN "0.1;DGT LiveChess/2.2.5"]

[Event "HSG Open 2022 A"]
[Site "Hilversum, Netherlands"]
[Date "2022.06.19"]
[Round "6.1"]
[White "Beerdsen, Thomas"]
[Black "Harff, Marcel"]
[Result "1-0"]
[TimeControl "1:50 + 0.10"]
[WhiteElo "2494"]
[BlackElo "2329"]

1. e4 e6 2. d4 d5 3. Nc3 dxe4 4. Nxe4 Nd7 5. Nf3 Ngf6 6. Bg5 Be7 7. Nxf6+ Bxf6 8. h4 c5 9. Qd2 cxd4 10.
Nxd4 h6 11. Bxf6 Nxf6 12. O-O-O a6 13. Bd3 Qc7 14. g4 Nxg4 15. Rhg1 Ne5 16. Rxg7 Bd7 17. Kb1 O-O-O 18. Be2 Nc4 19. Bxc4 Qxc4 20. Qf4 Rhe8 21.
b3 Qc5 22. Qxf7 Rf8 23. Qg6 Kb8 24. Rd3 e5 25. Rxd7 Rxd7 26. Ne6 Rd6 27. Nxc5 1-0

[Event "HSG Open 2022 A"]
[Site "Hilversum, Netherlands"]
[Date "2022.06.19"]
[Round "6.2"]
[White "Pijpers, Arthur"]
[Black "Wiersma, Eelke"]
[Result "1-0"]
[TimeControl "1:50 + 0.10"]
[WhiteElo "2455"]
[BlackElo "2300"]

1. e4 c6 2. d4 d5 3. e5 c5 4. Nf3 cxd4 5. Qxd4 Nc6 6. Qf4 e6 7. Bd3 Nb4 8. Bd2 Nxd3+ 9. cxd3 f5 10.
Nc3 Bd7 11. Ne2 Qb6 12. O-O Ne7 13. Qg3 Rc8 14. Bc3 h6 15. Nf4 Kf7 16. Nh5 g6 17. Nf6 Bb5 18. Nd4 Bg7 19. a4 Ba6 20.
Rac1 g5 21. Rfe1 Rhd8 22. Qh3 Rc6 23. a5 Qc7 24. Nxc6 bxc6 25. Bb4 Ng6 26. Bd6 Rxd6 27. exd6 Qxd6 28. Nh5 Bd4 29. Ng3 Kg7 30.
Qxf5 Nf4 31. Qg4 Bxf2+ 32. Kxf2 1-0

[Event "HSG Open 2022 A"]
[Site "Hilversum, Netherlands"]
[Date "2022.06.19"]
[Round "6.3"]
[White "Leenhouts, Koen"]
[Black "Lanchava, Tea"]
[Result "1-0"]
[TimeControl "1:50 + 0.10"]
[WhiteElo "2440"]
[BlackElo "2231"]

1. d4 d6 2. c4 g6 3. e4 Nd7 4. Nc3 c6 5. Be3 e5 6. d5 c5 7. Bd3 Nh6 8. h4 Rg8 9. g4 f6 10.
f3 Nf7 11. h5 Be7 12. Nge2 Nf8 13. a3 f5 14. hxg6 hxg6 15. exf5 gxf5 16. gxf5 Bh4+ 17. Kd2 Bg5 18. Bxg5 Rxg5 19.
Ne4 Rg8 20. Rg1 Rxg1 21. Qxg1 Bxf5 22. Nxc5 Bxd3 23. Nxd3 Qf6 24. Nc3 Ng5 25. Ne4 Nxf3+ 26. Ke3 Nxg1 27. Nxf6+ Kf7 28. Ne4 Nh3 29.
Nxd6+ Ke7 30. Nxb7 Nd7 31. Rh1 Ng5 32. c5 Rf8 33. c6 Rf3+ 34. Ke2 e4 35. d6+ Ke6 36. Ndc5+ Nxc5 37. Nxc5+ Kxd6 38.
Nxe4+ Kxc6 39. Nxg5 Rg3 40. Ne4 Rg2+ 41. Nf2 Kb5 1-0